 Dungeon Crawl Stone Soup version 0.30-a0-374-g95c0257040 (webtiles) character file.

Game seed: 13309456949121339542

949 p00ps00p the Trooper (level 8, -2/71 HPs)
             Began as a Hill Orc Fighter on Nov 26, 2022.
             Slain by a gnoll
             ... wielding a +2 halberd of pain
             ... led by a gnoll bouda
              (12 damage)
             ... on level 5 of the Dungeon.
             The game lasted 00:05:09 (2862 turns).

p00ps00p the Trooper (Hill Orc Fighter)             Turns: 2862, Time: 00:05:11

Health: -2/71      AC: 17    Str: 21    XL:     8   Next: 13%
Magic:  8/8        EV:  6    Int:  8    God:
Gold:   203        SH:  5    Dex: 10    Spells: 7/7 levels left

rFire   . . .      SeeInvis .    u - +2 hand axe (vorpal)
rCold   . . .      Faith    .    c - +0 buckler
rNeg    . . .      Spirit   .    d - +0 plate armour
rPois   .          Reflect  .    o - +0 helmet
rElec   .          Harm     .    G - +1 cloak {rCorr}
rCorr   +          Rampage  .    (no gloves)
Will    +....                    r - +0 pair of boots
Stlth   ..........               (no amulet)
HPRegen 0.31/turn                H - ring of willpower
MPRegen 0.11/turn                (no ring)

@: mighty
A: no striking features
a: no special abilities


You were on level 5 of the Dungeon.
You visited 1 branch of the dungeon, and saw 5 of its levels.

You collected 203 gold pieces.

Inventory:

Hand Weapons
 a - a +0 war axe
 n - a +4 short sword of speed
 u - a +2 vorpal hand axe (weapon)
Missiles
 x - 5 silver boomerangs (quivered)
Armour
 b - a +0 scale mail
 c - a +0 buckler (worn)
 d - a +0 plate armour (worn)
 o - a +0 helmet (worn)
 r - a +0 pair of boots (worn)
 G - a +1 cloak of preservation (worn)
Jewellery
 H - a ring of willpower (left hand)
Wands
 w - a wand of quicksilver (7)
 C - a wand of paralysis (3)
Scrolls
 e - a scroll of noise {unknown}
 g - 5 scrolls of identify {unknown}
 h - 2 scrolls of immolation {unknown}
 k - a scroll of acquirement {unknown}
 p - a scroll of magic mapping {unknown}
 t - a scroll of butterflies {unknown}
 v - a scroll of enchant armour {unknown}
 y - a scroll of poison {unknown}
 B - a scroll of teleportation {unknown}
 E - 2 scrolls of blinking {unknown}
Potions
 f - a potion of haste {unknown}
 i - 3 potions of brilliance {unknown}
 j - a potion of degeneration {unknown}
 l - 2 potions of curing {unknown}
 m - a potion of berserk rage {unknown}
 q - 2 potions of mutation {unknown}
 s - 2 potions of invisibility {unknown}
 z - a potion of attraction {unknown}
 A - a potion of cancellation {unknown}


   Skills:
 + Level 6.5 Fighting
 + Level 6.4 Axes
 + Level 5.9 Armour
 + Level 6.0 Shields


You had 7 spell levels left.
You didn't know any spells.
Your spell library contained the following spells:

 Spells                   Type           Power      Damage    Failure   Level
 Ensorcelled Hibernation  Hex/Ice        0%         N/A       100%        2
 Passwall                 Tmut/Erth      0%         N/A       100%        2
 Gell's Gravitas          Tloc           0%         N/A       100%        3
 Lesser Beckoning         Tloc           0%         N/A       100%        3
 Swiftness                Air            0%         N/A       100%        3
 Teleport Other           Tloc           0%         N/A       100%        3


Dungeon Overview and Level Annotations

Branches:
Dungeon (5/15)
 Temple: D:4-7

Altars:
The Shining One


Message History

Prince Ribbit hits you!
* * * LOW HITPOINT WARNING * * *
You block the gnoll's attack. The water moccasin closely misses you.
You barely miss Prince Ribbit.
Prince Ribbit is moderately wounded.
You hit the gnoll. You hit the gnoll bouda. You barely miss the water moccasin.
You feel sick.
Prince Ribbit catches a small bird with his tongue.
You block Prince Ribbit's attack. You block the gnoll bouda's attack.
The gnoll hits you from afar with a +2 halberd of pain.
* * * LOW HITPOINT WARNING * * *
The water moccasin bites you but does no damage.
The gnoll closely misses you.
Prince Ribbit hits you but does no damage.
You slash the gnoll bouda!
The gnoll bouda is almost dead.
You slash the adder!
You kill the adder!
You slash the gnoll!
You kill the gnoll!
You completely miss Prince Ribbit. You closely miss the water moccasin.
You feel sick. The gnoll hits you but does no damage.
The water moccasin bites you but does no damage.
The gnoll bouda barely misses you.
Prince Ribbit hits you but does no damage.
You hit the gnoll bouda.
You kill the gnoll bouda!
You slash Prince Ribbit! You slash the water moccasin!
You kill the water moccasin!
You feel sick. The gnoll hits you but does no damage. Prince Ribbit hits you.
* * * LOW HITPOINT WARNING * * *
Your Shields skill increases to level 6!
You have reached level 8!
You slash Prince Ribbit!
You kill Prince Ribbit!
Prince Ribbit returns to his original shape as he dies.
You feel sick.
You are no longer poisoned.
The gnoll hits you from afar with a +2 halberd of pain!
You die...

............. #....
#...##....⌠..
.##....##...##.....#
...........!##....##
...... ....#......#
#.?.. #..##.....#
##....###.)##....##
#.....†)..........#
#....†@)...##.....#
#....))†...##.....#
####.g####+##.....#####
#.. ..##....##..## #>..
........'..... #...
........<#).... #...
.........#..... ##..
#..##....##..## #..
#######..##


You could see a gnoll (swift).

Vanquished Creatures
  Grinder (D:3)
  Prince Ribbit (D:5)
  Sigmund (D:2)
  Eustachio (D:4)
  A water moccasin (D:5)
  A gnoll bouda (D:5)
  Crazy Yiuf (D:4)
  Jessica (D:3)
  Natasha (thrice) (D:2)
  Robin (D:2)
  3 gnolls (D:5)
  3 adders
  3 shadow imps (D:4)
  2 white imps (D:4)
  3 ufetubi
  A worm (D:2)
  2 dart slugs
  4 orcs
  3 ball pythons
  7 endoplasms
  4 giant cockroaches
  11 goblins
  7 hobgoblins
  7 kobolds
  4 quokkas (D:3)
  5 bats
  A frilled lizard (D:2)
  2 rats
84 creatures vanquished.

Vanquished Creatures (others)
  4 demonic plants (D:4)
4 creatures vanquished.

Grand Total: 88 creatures vanquished

Notes
Turn   | Place    | Note
-------+----------+-------------------------------------------
     0 | D:1      | p00ps00p the Hill Orc Fighter began the quest for the Orb.
     0 | D:1      | Reached XP level 1. HP: 19/19 MP: 1/1
   183 | D:1      | Reached XP level 2. HP: 27/27 MP: 2/2
   521 | D:2      | Identified the +0 leather armour of Inquiry {rCorr Str-2
                  | Dex+2}
   522 | D:2      | Noticed Sigmund
   534 | D:2      | Killed Sigmund
   535 | D:2      | Reached XP level 3. HP: 31/35 MP: 3/3
   535 | D:2      | Reached XP level 4. HP: 37/41 MP: 4/4
   535 | D:2      | Reached XP level 5. HP: 42/47 MP: 5/5
   679 | D:2      | Noticed Robin
   689 | D:2      | Killed Robin
   995 | D:2      | Noticed Natasha
  1003 | D:2      | Killed Natasha
  1004 | D:2      | Reached skill level 5 in Fighting
  1004 | D:2      | Reached XP level 6. HP: 47/56 MP: 6/6
  1079 | D:2      | Noticed Natasha
  1091 | D:2      | Killed Natasha
  1178 | D:2      | Noticed Natasha
  1192 | D:2      | Killed Natasha
  1296 | D:3      | Noticed Grinder
  1331 | D:3      | Killed Grinder
  1332 | D:3      | Reached skill level 5 in Axes
  1332 | D:3      | Reached skill level 5 in Armour
  1332 | D:3      | Reached skill level 5 in Shields
  1332 | D:3      | Reached XP level 7. HP: 42/61 MP: 7/7
  1408 | D:3      | Noticed Jessica
  1416 | D:3      | Killed Jessica
  2033 | D:4      | Noticed Eustachio
  2042 | D:4      | Killed Eustachio
  2168 | D:4      | Found a glowing golden altar of the Shining One.
  2500 | D:4      | Found a runed translucent door.
  2501 | D:4      | Noticed Crazy Yiuf
  2652 | D:4      | Killed Crazy Yiuf
  2724 | D:5      | Entered Level 5 of the Dungeon
  2840 | D:5      | Noticed Prince Ribbit
  2862 | D:5      | Reached XP level 8. HP: 10/71 MP: 8/8
  2862 | D:5      | Killed Prince Ribbit
  2862 | D:5      | Slain by a gnoll

Illustrated notes

Levels and vault maps discovered:
D:1:      dpeg_arrival_pits, layout_basic
D:2:      layout_loops_ring, uniq_natasha, uniq_sigmund, uniq_robin
D:3:      layout_loops_ring, uniq_jessica, uniq_grinder
D:4:      nicolae_BIG_FREAKIN_CUBE, layout_rooms, lemuel_coloured_pillars_altar,
          serial_demonic, serial_demonic_c, serial_demonic_d, serial_demonic_e,
          serial_demonic_g, uniq_eustachio, uniq_crazy_yiuf_cottage
D:5:      layout_gridville, temple_fountains, uniq_prince_ribbit1

Skill      XL: |  1  2  3  4  5  6  7 |
---------------+----------------------+-----
Axes           | 4 5 6 |  6.4
Fighting       | 4 5 6 |  6.5
Armour         | 4 5 |  5.9
Shields        | 4 5 6 |  6.0

Action                   |  1- 3 |  4- 6 |  7- 9 || total
-------------------------+-------+-------+-------++-------
Melee: War axe           |    51 |    25 |       ||    76
       Short sword       |       |    38 |       ||    38
       Hand axe          |       |    17 |   117 ||   134
  Use: Potion            |     2 |     1 |     2 ||     5
Armor: Scale mail        |    31 |       |       ||    31
       Plate armour      |       |    48 |    93 ||   141
Dodge: Dodged            |    24 |    11 |    51 ||    86
Block: Buckler           |     9 |     7 |    29 ||    45

Table legend: (Time is in decaauts)
 A = Elapsed time spent in this place.
 B = Non-inter-level travel time spent in this place.
 C = Inter-level travel time spent in this place.
 D = Time resting spent in this place.
 E = Time spent auto-exploring this place.
 F = Levels seen in this place.
 G = Mean time per level.
                   A        B        C        D        E       F      G
               +--------+--------+--------+--------+--------+-----+--------+
         Total |   2894 |   2778 |    116 |      0 |   2140 |   5 |  578.8 |
       Dungeon |   2894 |   2778 |    116 |      0 |   2140 |   5 |  578.8 |
               +--------+--------+--------+--------+--------+-----+--------+

Top non-repeatable levels by time:
     D:2: 843 daAuts
     D:4: 720 daAuts
     D:3: 716 daAuts
     D:1: 476 daAuts
     D:5: 137 daAuts
